 Dungeon Crawl Stone Soup version 0.23.2-33-g5129a83184 (webtiles) character file.

Game seed: 6143048541982651969

1001 AarnesTheHuman the Covered (level 8, 0/65 HPs)
             Began as a Barachi Fighter on Aug 7, 2019.
             Was an Initiate of Ashenzari.
             Slain by Sigmund
             ... wielding a +0 scythe
              (6 damage)
             ... on level 4 of the Dungeon.
             The game lasted 00:20:09 (5949 turns).

AarnesTheHuman the Covered (Barachi Fighter)        Turns: 5949, Time: 00:20:09

Health: 0/65       AC: 11    Str: 19    XL:     8   Next: 20%
Magic:  8/8        EV:  7    Int:  8    God:    Ashenzari [......]
Gold:   200        SH:  0    Dex: 13    Spells: 7/7 levels left

rFire    . . .     SeeInvis .   j - +4 whip (flame)
rCold    . . .     Gourm    .   c - +0 shield
rNeg     . . .     Faith    .   b - +0 scale mail
rPois    .         Spirit   .   d - +0 helmet
rElec    .         Reflect  .   (no cloak)
rCorr    +         Harm     .   e - +1 pair of gloves
MR       .....                  (no boots)
Stlth    ..........             (no amulet)
HPRegen  0.20/turn              o - ring of resist corrosion (curse)
MPRegen  0.11/turn              (no ring)

@: confused, flying, slow
A: +LOS, swims, slowness 1, strong legs 1
a: Hop, Curse Item, Renounce Religion


You were on level 4 of the Dungeon.
You worshipped Ashenzari.
Ashenzari was noncommittal.
You were very hungry.

You visited 1 branch of the dungeon, and saw 4 of its levels.
You also visited: Sewer.

You collected 200 gold pieces.

Inventory:

Hand Weapons
 h - a +1 mace of holy wrath
 j - a +4 whip of flaming (weapon)
 p - a +1 hand axe of chopping
 q - a +0 long sword
Missiles
 a - 8 tomahawks (quivered)
Armour
 b - a +0 scale mail (worn)
 c - a +0 shield (worn)
 d - a +0 helmet (worn)
 e - a +1 pair of gloves (worn)
Jewellery
 o - a cursed ring of resist corrosion (left hand)
Scrolls
 i - a scroll of blinking
 s - a scroll of enchant armour {unknown}
Potions
 g - a potion of brilliance
 k - 3 potions of curing {unknown}
 l - 2 potions of heal wounds {unknown}
 n - a potion of haste
 t - 3 potions of flight
Comestibles
 f - 5 rations


   Skills:
 + Level 6.6 Fighting
 - Level 4.1 Long Blades
 + Level 3.5 Maces & Flails
 + Level 6.6 Armour
 + Level 6.1 Shields


You had 7 spell levels left.
You didn't know any spells.
Your spell library was empty.

Dungeon Overview and Level Annotations

Branches:
Dungeon (4/15)
 Temple: D:4-7

Altars:
Ashenzari
Ru
Sif Muna
Xom
The Shining One

Annotations:
D:3 1 runed translucent door, Crazy Yiuf
D:4 Sigmund


Innate Abilities, Weirdness & Mutations

Shadows flee at your approach. (+LOS)
You can swim through water.
You cover ground slowly.
You can hop short distances.


Message History

Sigmund barely misses you. Sigmund casts a spell at you.
You are confused.
Your shield and scale mail prevent you from hitting Sigmund.
Sigmund is severely wounded.
Sigmund barely misses you. Sigmund barely misses you.
Sigmund points at you and mumbles some strange words.
The magic dart hits you.
* * * LOW HITPOINT WARNING * * *
Sigmund gestures at you while chanting.
You are more confused.
Sigmund hits you from afar with a +0 scythe.
* * * LOW HITPOINT WARNING * * *
Sigmund hits you with a +0 scythe!
* * * LOW HITPOINT WARNING * * *
You miss Sigmund.
Sigmund is severely wounded.
Sigmund hits you from afar with a +0 scythe.
You die...

.. ##.. .### .. .... ...
.####.####.####
.............
#.##≈≈≈≈≈##.#####
#.##≈≈≈≈≈##.....
########.≈≈.....≈≈.?#
.........≈≈.....≈≈..###.#.
.........@......≈≈≈<..K...
........p≈≈@....≈≈.####.#.
#........≈≈.....≈≈.....
'........##≈≈≈≈≈##..####
#........##≈≈≈[≈##..#
########..≈.........#
...........#.#'#.#.#
.##....###.......#.# #....
#.).....#..


You could see Sigmund and a neutral freed slave (wandering).

Vanquished Creatures
  Pikel (D:4)
  A slave (D:3)
  An ogre (D:4)
  A big kobold (Sewer)
  2 orc priests
  2 iguanas
  2 worker ants
  Natasha (thrice) (D:2)
  2 hound skeletons (D:4)
  Robin (D:2)
  6 adders
  An adder skeleton (D:4)
  3 dart slugs
  3 leopard geckos
  4 orcs (D:3)
  3 ball pythons
  6 bats
  3 giant cockroaches
  14 hobgoblins
  14 jackals
  A quokka (D:3)
  3 frilled lizards
  12 goblins
  15 kobolds
  12 rats
116 creatures vanquished.

Vanquished Creatures (others)
  A scorpion (D:4)
  A leopard gecko (D:4)
2 creatures vanquished.

Grand Total: 118 creatures vanquished

Notes
Turn   | Place    | Note
-------+----------+-------------------------------------------
     0 | D:1      | AarnesTheHuman the Barachi Fighter began the quest for the
                  | Orb.
     0 | D:1      | Reached XP level 1. HP: 18/18 MP: 1/1
   149 | D:1      | Reached XP level 2. HP: 25/25 MP: 2/2
   848 | D:2      | Reached XP level 3. HP: 30/30 MP: 3/3
  1063 | D:2      | Found a deep blue altar of Sif Muna.
  1133 | D:2      | Reached XP level 4. HP: 35/37 MP: 4/4
  1173 | D:2      | Found a sacrificial altar of Ru.
  1197 | D:2      | Noticed Natasha
  1212 | D:2      | Killed Natasha
  1571 | D:2      | Noticed Natasha
  1591 | D:2      | Killed Natasha
  1699 | D:2      | Noticed Robin
  1705 | D:2      | Reached XP level 5. HP: 40/43 MP: 5/5
  1710 | D:2      | Killed Robin
  2017 | D:2      | Found a shimmering altar of Xom.
  2147 | D:2      | Found a sacrificial altar of Ru.
  2236 | D:2      | Noticed Natasha
  2263 | D:2      | Killed Natasha
  2461 | D:2      | Found a deep blue altar of Sif Muna.
  2695 | D:2      | Found a shimmering altar of Xom.
  3260 | D:3      | Reached skill level 5 in Armour
  3334 | D:3      | Found a glowing golden altar of the Shining One.
  3443 | D:3      | Reached XP level 6. HP: 50/50 MP: 6/6
  3549 | D:3      | Reached skill level 5 in Fighting
  3553 | D:3      | Found a shattered altar of Ashenzari.
  3566 | D:3      | Became a worshipper of Ashenzari the Shackled
  3854 | D:3      | Found a runed translucent door.
  3855 | D:3      | Noticed Crazy Yiuf
  4039 | D:4      | Found a glowing drain.
  4041 | D:4      | Noticed a slave
  4042 | D:4      | Noticed a slave
  4043 | D:4      | Noticed Pikel
  4045 | D:4      | Noticed a slave
  4083 | D:3      | HP: 2/51 [slave[Pikel] (3)]
  4085 | D:3      | Killed a slave
  4424 | D:4      | Reached skill level 1 in Maces & Flails
  4595 | Sewer    | Entered a sewer
  4702 | Sewer    | Reached skill level 5 in Shields
  4960 | Sewer    | Found a white marble altar of Elyvilon.
  5030 | D:3      | Reached XP level 7. HP: 56/56 MP: 7/7
  5334 | D:4      | Noticed Sigmund
  5700 | D:4      | Killed Pikel
  5700 | D:4      | Reached XP level 8. HP: 15/65 MP: 8/8
  5949 | D:4      | Slain by Sigmund

Skill      XL: |  1  2  3  4  5  6  7 |
---------------+----------------------+-----
Fighting       | 4 5 6 |  6.6
Armour         | 4 5 6 |  6.6
Long Blades    | 3 4 |  4.1
Shields        | 4 5 6 |  6.1
Maces & Flails | 1 3 |  3.5

Action                   |  1- 3 |  4- 6 |  7- 9 || total
-------------------------+-------+-------+-------++-------
Melee: Long sword        |    98 |    86 |       ||   184
       Mace              |       |   197 |    46 ||   243
       Unarmed           |       |    15 |       ||    15
       Whip              |       |       |    10 ||    10
Throw: Tomahawk          |       |     3 |       ||     3
 Abil: Hop               |       |     2 |       ||     2
  Use: Potion            |       |     5 |     3 ||     8
       Scroll            |       |    10 |     2 ||    12
 Stab: Invisible         |       |       |     1 ||     1
  Eat: Chunk             |     1 |    11 |     2 ||    14
       Ration            |       |     1 |       ||     1
Armor: Scale mail        |    52 |   168 |    25 ||   245
Dodge: Dodged            |    38 |   133 |    25 ||   196
Block: Shield            |    47 |   201 |    35 ||   283
       Rpst.: Long sword |    10 |     9 |       ||    19
